 Dungeon Crawl Stone Soup version 0.27-a0-1200-g94dc6ad4cf (webtiles) character file.

Game seed: 14487926861193034429

122 Shayle the Skirmisher (level 5, -3/55 HPs)
             Began as an Ogre Warper on June 1, 2021.
             Slain by a scorpion (7 damage)
             ... on level 4 of the Dungeon.
             The game lasted 00:07:13 (2484 turns).

Shayle the Skirmisher (Ogre Warper)                 Turns: 2484, Time: 00:07:14

Health: -3/55      AC:  3    Str: 15    XL:     5   Next: 6%
Magic:  8/8        EV:  9    Int: 15    God:
Gold:   59         SH:  0    Dex:  8    Spells: 8/8 levels left

rFire    . . .     SeeInvis .   a - +1 mace
rCold    . . .     Faith    .   (no shield)
rNeg     . . .     Spirit   .   b - +0 robe
rPois    .         Reflect  .   (helmet restricted)
rElec    .         Harm     .   (no cloak)
rCorr    .         Rampage  .   (gloves unavailable)
Will     .....                  (boots unavailable)
Stlth    +.........             (no amulet)
HPRegen  0.18/turn              (no ring)
MPRegen  0.11/turn              (no ring)

@: lethally poisoned (-3 -> -16), hasted, very quick
A: large, unfitting armour, tough skin 1
a: no special abilities


You were on level 4 of the Dungeon.
You visited 1 branch of the dungeon, and saw 4 of its levels.
You also visited: Sewer.

You collected 59 gold pieces.

Inventory:

Hand Weapons
 a - a +1 mace (weapon)
Missiles
 e - 4 boomerangs of dispersal (quivered)
Armour
 b - a +0 robe (worn)
Scrolls
 c - a scroll of acquirement {unknown}
 d - a scroll of blinking
 g - 2 scrolls of noise {unknown}
 i - 2 scrolls of fog {unknown}
 j - a scroll of teleportation
Potions
 f - a potion of haste
 h - 2 potions of heal wounds {unknown}


   Skills:
 + Level 4.3 Fighting
 + Level 3.0 Maces & Flails
 - Level 1.0 Throwing
 - Level 2.1 Dodging
 - Level 2.4 Spellcasting
 + Level 3.6 Translocations


You had 8 spell levels left.
You didn't know any spells.
Your spell library contained the following spells:

 Spells                   Type           Power      Damage    Failure   Level
 Blink                    Tloc           N/A        N/A       7%          2
 Gell's Gravitas          Tloc           6%         N/A       14%         3
 Lesser Beckoning         Tloc           6%         N/A       14%         3
 Teleport Other           Tloc           12%        N/A       14%         3
 Animate Skeleton         Necr           2%         N/A       22%         1
 Pain                     Necr           4%         1d4       22%         1
 Vampiric Draining        Necr           0%         2d6       54%         3
 Manifold Assault         Tloc           12%        N/A       78%         5
 Animate Dead             Necr           0%         N/A       91%         4
 Agony                    Necr           1%         N/A       99%         5


Dungeon Overview and Level Annotations

Branches:
Dungeon (4/15)              Sewer (visited)
 Temple: D:4-7

Altars:
Sif Muna

Shops:
D:1 *


Innate Abilities, Weirdness & Mutations

You are too large for most types of armour.
You have tough skin. (AC +1)


Message History

The river rat is almost dead.
The river rat bites you!
You hit the river rat but do no damage.
The river rat is almost dead.
The river rat bites you.
You hit the river rat.
You kill the river rat!
Your Maces & Flails skill increases to level 3!
You have reached level 5!
A worm comes into view.
There is a stone staircase leading down here.
You climb downwards.
There is a stone staircase leading up here.
You start resting.
A scorpion comes into view.
Found 17 gold pieces.
The scorpion barely misses you.
You hit the scorpion but do no damage. The scorpion barely misses you.
The scorpion stings you!
You hit the scorpion but do no damage.
The scorpion stings you but does no damage.
You sock the scorpion!
The scorpion is heavily wounded.
The scorpion stings you.
You are poisoned.
The scorpion poisons you! The scorpion stings you.
* * * LOW HITPOINT WARNING * * *
You hit the scorpion.
The scorpion is heavily wounded.
* * * LOW HITPOINT WARNING * * *
You feel very sick. The scorpion stings you.
* * * LOW HITPOINT WARNING * * *
You are more poisoned.
The scorpion poisons you!
It was a potion of haste.
You feel yourself speed up.
* * * LOW HITPOINT WARNING * * *
You feel very sick. The scorpion stings you!
You die...

+ #. #.##+##
.....# ....#
...###### .
#s.......
... #@#
.....##.#
.......<#
......#....+
.....$#.####
....# #..
.... ##. ...
.. .. ..


You could see a scorpion.

Vanquished Creatures
  3 adders (D:3)
  5 river rats
  A worm (D:2)
  2 dart slugs
  3 endoplasms
  A giant cockroach (D:3)
  3 goblins
  2 hobgoblins
  2 kobolds
  5 ball pythons
  3 bats
  13 frilled lizards
  10 rats
53 creatures vanquished.

Notes
Turn   | Place    | Note
-------+----------+-------------------------------------------
     0 | D:1      | Shayle the Ogre Warper began the quest for the Orb.
     0 | D:1      | Reached XP level 1. HP: 22/22 MP: 3/3
   233 | D:1      | Found Kuwk's General Store.
   256 | D:1      | Reached skill level 3 in Fighting
   310 | D:1      | Reached XP level 2. HP: 28/31 MP: 5/5
   950 | D:2      | Reached XP level 3. HP: 28/37 MP: 6/6
  1255 | D:3      | Found a shimmering blue altar of Sif Muna.
  1275 | D:3      | Found a glowing drain.
  1298 | D:3      | Reached XP level 4. HP: 25/48 MP: 7/7
  1302 | Sewer    | Entered a sewer
  1479 | Sewer    | Reached skill level 4 in Fighting
  2445 | D:3      | Reached XP level 5. HP: 25/55 MP: 8/8
  2484 | D:4      | Slain by a scorpion

Illustrated notes

Levels and vault maps discovered:
D:1:      mrwooster_arrival_statue_2, layout_basic, serial_shops, shop,
          lemuel_old_faithful
D:2:      layout_loops_ring, basic_altar, minmay_misc_feat_doors
D:3:      layout_loops_cross, lemuel_doored_altar, lemuel_round_altar,
          nicolae_overflow_crystal_walls, amcnicky_altar_gilded,
          cheibrodos_sewer_entry_sluice, serial_shops, shop_fountains
D:4:      layout_basic

Skill      XL: |  1  2  3  4 |
---------------+-------------+-----
Fighting       | 3 4 |  4.3
Maces & Flails | 2 3 |  3.0
Translocations | 3 |  3.6
Throwing       | |  1.0
Dodging        | |  2.1
Spellcasting   | |  2.4

Action                   |  1- 3 |  4- 6 || total
-------------------------+-------+-------++-------
Melee: Mace              |    77 |    95 ||   172
Throw: Boomerang         |     1 |       ||     1
  Use: Scroll            |     2 |       ||     2
       Potion            |       |     1 ||     1
 Stab: Sleeping          |     1 |       ||     1
Armor: Robe              |    25 |    21 ||    46
Dodge: Dodged            |    47 |    51 ||    98

Table legend: (Time is in decaauts)
 A = Elapsed time spent in this place.
 B = Non-inter-level travel time spent in this place.
 C = Inter-level travel time spent in this place.
 D = Time resting spent in this place.
 E = Time spent auto-exploring this place.
 F = Levels seen in this place.
 G = Mean time per level.
                   A        B        C        D        E       F      G
               +--------+--------+--------+--------+--------+-----+--------+
         Total |   2562 |   2557 |      5 |    564 |   1385 |   5 |  512.4 |
       Dungeon |   1397 |   1392 |      5 |     30 |    992 |   4 |  349.2 |
         Sewer |   1165 |   1165 |      0 |    534 |    393 |   1 | 1165.0 |
               +--------+--------+--------+--------+--------+-----+--------+

Top non-repeatable levels by time:
   Sewer: 1165 daAuts
     D:1: 842 daAuts
     D:2: 363 daAuts
     D:3: 157 daAuts
     D:4: 34 daAuts
